 Dungeon Crawl Stone Soup version 0.13.0-26-gf7ffa3a (webtiles) character file.

208 Kae the Firebug (level 4, 0/24 HPs)
             Began as a Tengu Fire Elementalist on Oct 31, 2013.
             Slain by Terence
             ... wielding a cursed -2,+1 dwarven hand axe
              (5 damage)
             ... on Level 3 of the Dungeon.
             The game lasted 00:04:35 (2765 turns).

Kae the Firebug (Tengu Fire Elementalist)           Turns: 2765, Time: 00:04:35

HP   0/24        AC  2     Str  8      XL: 4   Next: 74%
MP   0/9         EV 12     Int 16      God:
Gold 108         SH  0     Dex 15      Spells:  2 memorised,  4 levels left

Res.Fire  : . . .   See Invis. : .   f - +2,+0 hand axe (freeze)
Res.Cold  : . . .   Warding    : .   a - +0 robe
Life Prot.: . . .   Conserve   : .   (no shield)
Res.Poison: .       Res.Corr.  : .   (helmet restricted)
Res.Elec. : .       Clarity    : .   (no cloak)
Sust.Abil.: . .     Spirit.Shd : .   (no gloves)
Res.Mut.  : .       Stasis     : .   (boots unavailable)
Res.Rott. : .       Flight     : .   (no amulet)
Saprovore : . . .                    (no ring)
                                     (no ring)

@: very slightly contaminated, slightly resistant to hostile enchantments,
fairly stealthy
A: beak, talons 3
a: no special abilities


You were on level 3 of the Dungeon.
You were hungry.

You visited 1 branch of the dungeon, and saw 3 of its levels.

You collected 88 gold pieces.

Inventory:

Hand weapons
 e - a +0,+0 short sword
 f - a +2,+0 hand axe of freezing (weapon)
Missiles
 r - 4 darts (quivered)
Armour
 a - a +0 robe (worn)
Comestibles
 c - a bread ration
 m - an apple
 o - 2 meat rations
 w - 5 rotting chunks of orc flesh
Scrolls
 d - 6 scrolls of identify {unknown}
 g - a scroll of curse weapon {unknown}
 h - 2 scrolls of fog {unknown}
 i - 2 scrolls of enchant armour {unknown}
 j - a scroll of teleportation {unknown}
 k - a scroll of blinking {unknown}
 l - a scroll of amnesia {unknown}
 p - a scroll of enchant weapon I {unknown}
 s - a scroll of noise {unknown}
 v - a scroll of magic mapping {unknown}
Potions
 n - a potion of flight
 q - a potion of paralysis {unknown}
 t - 2 potions of invisibility
 u - a potion of speed {unknown}
Books
 b - a book of Flames

   Spells                             Type                      Level
   *Flame Tongue                      Conjuration/Fire             1
   *Throw Flame                       Conjuration/Fire             2
   Conjure Flame                      Conjuration/Fire             3
   Inner Flame                        Hexes/Fire                   3
   Sticky Flame                       Conjuration/Fire             4
   Fireball                           Conjuration/Fire             5


   Skills:
 - Level 2.1 Dodging
 - Level 2.0 Stealth
 + Level 2.0 Spellcasting
 + Level 3.1 Conjurations
 * Level 4.7 Fire Magic


You had 4 spell levels left.
You knew the following spells:

 Your Spells              Type           Power        Failure   Level  Hunger
a - Flame Tongue          Conj/Fire      ##...        6%          1    #......
b - Throw Flame           Conj/Fire      ##....       10%         2    ###....


Dungeon Overview and Level Annotations

Branches:
Dungeon (3/27)

Altars:

Annotations:
D:3 exclusion: orc priest, Terence


Innate Abilities, Weirdness & Mutations

You have a beak for a mouth.
You have claws for feet.


Message History

Press: ? - help, Shift-Dir - straight line, f/p - Terence
Aim: Terence, wielding a dwarven hand axe and wearing a chain mail (heavily wounded)
The flame hits Terence.
Terence is severely wounded.
Terence barely misses you.
Casting: Flame Tongue
Confirm with . or Enter, or press ? or * to list all spells.
Aiming: Flame Tongue
Press: ? - help, Shift-Dir - straight line, f/p - Terence
Aim: Terence, wielding a dwarven hand axe and wearing a chain mail (severely wounded)
You miscast Flame Tongue.
Nothing appears to happen.
Terence hits you with a dwarven hand axe.
* * * LOW HITPOINT WARNING * * *
Casting: Flame Tongue
Confirm with . or Enter, or press ? or * to list all spells.
You don't have enough magic to cast that spell.
You hit Terence but do no damage. Your peck misses Terence.
Terence is severely wounded.
Terence hits you with a dwarven hand axe.
You die...

#.......#
###'#####
#.......# #.#
######+## #.#
#.# #.# #.#
######.####
#.........#
#....?@...#
#.....@...#
...............
##.........####
#..=......#
#.......:.#
####.##### #. .


You could see Terence.

Vanquished Creatures
  5 adders
  A giant gecko (D:2)
  5 orcs (D:3)
  5 ball pythons
  4 giant cockroaches
  5 hobgoblins
  An ooze (D:2)
  3 quokkas (D:3)
  6 bats
  3 giant newts
  6 goblins
  5 kobolds
  3 rats (D:1)
52 creatures vanquished.

Notes
Turn   | Place    | Note
--------------------------------------------------------------
     0 | D:1      | Kae, the Tengu Fire Elementalist, began the quest for the Orb.
     0 | D:1      | Reached XP level 1. HP: 10/10 MP: 3/3
   383 | D:1      | Reached XP level 2. HP: 15/15 MP: 1/5
   391 | D:1      | Learned a level 2 spell: Throw Flame
  1096 | D:3      | Reached skill level 4 in Fire Magic
  1096 | D:3      | Reached XP level 3. HP: 3/19 MP: 0/7
  1804 | D:2      | Reached XP level 4. HP: 16/24 MP: 5/8
  2750 | D:3      | Noticed Terence
  2765 | D:3      | Slain by Terence

Action                   |  1- 3 |  4- 6 || total
-------------------------+-------+-------++-------
Melee: Unarmed           |    10 |       ||    10
       Short sword       |    28 |       ||    28
       Hand axe          |    15 |    29 ||    44
 Cast: Flame Tongue      |    27 |    19 ||    46
  Use: Potion            |     4 |       ||     4
 Stab: Distracted        |     1 |       ||     1
       Invisible         |     1 |       ||     1
       Sleeping          |       |     3 ||     3
